 Dungeon Crawl Stone Soup version 0.28.0-45-g0d030f2227 (webtiles) character file.

Game seed: 4074759725052638195

694 Gabide the Bolt Thrower (level 7, -9/64 HPs)
             Began as a Demigod Hunter on Apr 17, 2022.
             Killed from afar by a steam dragon (11 damage)
             ... with a ball of steam
             ... on level 3 of the Dungeon.
             The game lasted 00:12:18 (7447 turns).

Gabide the Bolt Thrower (Demigod Hunter)            Turns: 7447, Time: 00:12:19

Health: -9/64      AC:  6    Str: 13    XL:     7   Next: 14%
Magic:  9/9        EV: 14    Int: 13    God:
Gold:   97         SH:  0    Dex: 22    Spells: 6/6 levels left

rFire   . . .      SeeInvis .   z - +0 trident (venom)
rCold   . . .      Faith    .   (no shield)
rNeg    . . .      Spirit   .   c - +0 leather armour
rPois   +          Reflect  .   (no helmet)
rElec   .          Harm     .   (no cloak)
rCorr   .          Rampage  .   f - +0 pair of gloves
Will    .....                   w - +1 pair of boots
Stlth   ++........              (no amulet)
HPRegen 0.20/turn               (no ring)
MPRegen 0.11/turn               (no ring)

@: no status effects
A: high MP 1, forlorn, divine attributes, talons 1, poison resistance, robust 1
a: no special abilities


You were on level 3 of the Dungeon.
You visited 1 branch of the dungeon, and saw 4 of its levels.

You collected 97 gold pieces.

Inventory:

Hand Weapons
 a - a +1 hand crossbow
 b - a +0 short sword
 v - a +0 hand axe of distortion
 z - a +0 trident of venom (weapon)
Armour
 c - a +0 leather armour (worn)
 f - a +0 pair of gloves (worn)
 w - a +1 pair of boots (worn)
Jewellery
 r - a ring of fire
Scrolls
 d - a scroll of fog {unknown}
 j - a scroll of teleportation
 p - 2 scrolls of noise
Potions
 e - 5 potions of curing
 g - a potion of magic
 k - 2 potions of flight
 l - a potion of mutation
 m - a potion of might {unknown}
 s - a potion of attraction {unknown}
 t - a potion of berserk rage {unknown}
 u - a potion of lignification {unknown}
 x - 2 potions of haste {unknown}


   Skills:
 * Level 4.1 Fighting
 * Level 5.3 Crossbows
 - Level 1.5 Armour
 * Level 4.1 Dodging
 + Level 2.8 Stealth


You had 6 spell levels left.
You didn't know any spells.
Your spell library contained the following spells:

 Spells                   Type           Power      Damage    Failure   Level
 Alistair's Intoxication  Tmut/Pois      0%         N/A       100%        5
 Borgnjor's Vile Clutch   Necr/Erth      0%         N/A       100%        5
 Eringya's Noxious Bog    Tmut/Pois      0%         N/A       100%        6


Dungeon Overview and Level Annotations

Branches:
Dungeon (4/15)
 Temple: D:4-7

Annotations:
D:4 Edmund


Innate Abilities, Weirdness & Mutations

You have an increased reservoir of magic. (+10% MP)
You shall have no god before yourself.
Your divine heritage dramatically boosts your attributes as you level up.
You have sharp toenails.
Your system is resistant to poisons. (rPois)
You are robust. (+10% HP)


Message History

The adder skeleton bites you.
The steam dragon bites you but does no damage.
The steam dragon claws you but does no damage.
The adder skeleton barely misses you.
You climb upwards.
There is a stone staircase leading down here.
You shoot a bolt. The bolt hits the steam dragon!
The steam dragon is heavily wounded.
The steam dragon bites you. The steam dragon claws you.
You shoot a bolt.
The bolt barely misses the steam dragon.
The steam dragon breathes steam at you. The ball of steam hits you!
The steam dragon completely misses you. The steam dragon barely misses you.
Your +0 trident of venom begins to drip with poison!
z - a +0 trident of venom (weapon)
The steam dragon barely misses you. x2
You closely miss the steam dragon.
The steam dragon is moderately wounded.
The steam dragon bites you!
* * * LOW HITPOINT WARNING * * *
The steam dragon misses you.
You hit the steam dragon.
The steam dragon is poisoned.
The steam dragon is heavily wounded.
The steam dragon closely misses you.
The steam dragon claws you but does no damage.
You closely miss the steam dragon.
The steam dragon is heavily wounded.
The steam dragon bites you.
* * * LOW HITPOINT WARNING * * *
The steam dragon claws you but does no damage.
The steam dragon bites you!
* * * LOW HITPOINT WARNING * * *
The steam dragon claws you but does no damage.
It was a potion of mutation.
You feel extremely strange.
You feel robust.
You feel resistant to poisons.
Your toenails lengthen and sharpen.
The steam dragon breathes steam at you. The ball of steam hits you!
You die...

#.# #................#+#.# #.#.
#.# ########'#####.....#.# #.##
..# #.....#########.###... ###
########.....##.........#####
#####<.....#.....##.######.......
#...+..........####.# #.........
#.###......########.# #.#####...
#.[...###.......D.#.####.#...#...
#.....# #.#.....@>#......##..#.).
#.#######.#.###############..#...
..............#.....†..# #..#...
#.#######.#.#.#.######.# #..#...
#.# #.#.#.#.# #.####..#... ..#
#.#.#.#.# #.#.....#... ..#
#.#...#.# #.........<. ###
#.#####.# ###.###.##.# #.......#
#.# #.##.#


You could see a steam dragon (very poisoned, catching breath).

Vanquished Creatures
  Grinder (D:3)
  Sigmund (D:2)
  A phantom (D:4)
  A centaur skeleton (D:4)
  Jessica (D:3)
  Natasha (thrice) (D:2)
  An orc wizard (D:3)
  3 adders
  6 worms (D:2)
  2 dart slugs
  2 orcs (D:3)
  6 endoplasms
  A giant cockroach (D:3)
  4 goblins
  10 hobgoblins
  2 jackals (D:3)
  3 quokkas
  2 ball pythons (D:1)
  5 bats
  5 frilled lizards
  8 kobolds
  5 rats
73 creatures vanquished.

Notes
Turn   | Place    | Note
-------+----------+-------------------------------------------
     0 | D:1      | Gabide the Demigod Hunter began the quest for the Orb.
     0 | D:1      | Reached XP level 1. HP: 17/17 MP: 3/3
   162 | D:1      | Reached skill level 1 in Stealth
   196 | D:1      | Noticed an eye of devastation
   201 | D:1      | Noticed a floating eye
   201 | D:1      | Noticed an eye of devastation
   201 | D:1      | Noticed an eye of devastation
   302 | D:1      | Reached XP level 2. HP: 24/24 MP: 4/4
   422 | D:2      | Noticed Sigmund
  2008 | D:2      | Killed Sigmund
  2009 | D:2      | Reached skill level 4 in Crossbows
  2009 | D:2      | Reached XP level 3. HP: 20/31 MP: 5/5
  2009 | D:2      | Reached XP level 4. HP: 25/38 MP: 6/6
  2009 | D:2      | Reached XP level 5. HP: 29/45 MP: 7/7
  2836 | D:2      | Noticed Natasha
  2857 | D:2      | Killed Natasha
  3323 | D:2      | Noticed Natasha
  3327 | D:2      | Killed Natasha
  3373 | D:2      | Noticed Natasha
  3375 | D:2      | Killed Natasha
  4183 | D:3      | Reached XP level 6. HP: 35/51 MP: 8/8
  4389 | D:3      | Noticed Grinder
  4416 | D:3      | Paralysed by Grinder for 7 turns
  4441 | D:3      | Killed Grinder
  4442 | D:3      | Reached skill level 5 in Crossbows
  4442 | D:3      | Reached skill level 1 in Armour
  5625 | D:3      | Noticed Jessica
  5631 | D:3      | Killed Jessica
  6456 | D:4      | Reached XP level 7. HP: 59/59 MP: 9/9
  6673 | D:4      | Noticed a steam dragon
  7073 | D:4      | Noticed Edmund
  7446 | D:3      | HP: 2/59 [steam dragon (7)]
  7447 | D:3      | Gained mutation: You are robust. (+10% HP) [potion of
                  | mutation]
  7447 | D:3      | Gained mutation: Your system is resistant to poisons.
                  | (rPois) [potion of mutation]
  7447 | D:3      | Gained mutation: You have sharp toenails. [potion of
                  | mutation]
  7447 | D:3      | Killed from afar by a steam dragon

Illustrated notes

Levels and vault maps discovered:
D:1:      lightli_arrival_flooded_house, layout_basic,
          hellmonk_ecumenical_altar_watching_god
D:2:      layout_loops_cross, serial_rivers, chequers_serial_rivers_large_b,
          chequers_serial_rivers_small_b, chequers_serial_rivers_micro_b,
          chequers_serial_rivers_micro_c, chequers_serial_rivers_micro_b,
          chequers_serial_rivers_small_a, hangedman_decor_push,
          nicolae_concentric_dashed_squares_mild, nicolae_wormholes,
          uniq_natasha, uniq_sigmund
D:3:      minmay_spotlight, layout_basic, uniq_jessica, uniq_grinder
D:4:      minmay_bubble_buster, layout_gridville, minmay_cupped, uniq_edmund

Skill      XL: |  1  2  3  4  5  6 |
---------------+-------------------+-----
Dodging        | 2 3 4 |  4.1
Stealth        | 1 2 |  2.8
Fighting       | 2 3 4 |  4.1
Crossbows      | 4 5 |  5.3
Armour         | 1 |  1.5

Action                   |  1- 3 |  4- 6 |  7- 9 || total
-------------------------+-------+-------+-------++-------
Melee: Short sword       |     1 |    90 |     7 ||    98
       Punch             |       |     3 |       ||     3
       Trident           |       |       |     3 ||     3
 Fire: Hand crossbow     |    44 |   116 |    12 ||   172
  Use: Scroll            |       |    12 |       ||    12
       Potion            |       |       |     1 ||     1
Armor: Leather armour    |     2 |    34 |     7 ||    43
Dodge: Dodged            |    10 |    67 |    21 ||    98
